 Dungeon Crawl Stone Soup version 0.29.1-13-g9f3cf754e1 (webtiles) character file.

Game seed: 6484874717030426027

282 hawla the Chiller (level 6, -4/45 HPs)
             Began as a Meteoran Ice Elementalist on Jan 22, 2023.
             Slain by a shadow imp (5 damage)
             ... on level 5 of the Dungeon.
             The game lasted 00:04:19 (828 turns).

hawla the Chiller (Meteoran Ice Elementalist)        Turns: 828, Time: 00:04:20

Health: -4/45      AC:  3    Str:  9 (11) XL:     6   Next: 84%
Magic:  11/13      EV: 12    Int: 15 (18) God:
Gold:   124        SH:  0    Dex: 12 (14) Spells: 5/13 levels left

rFire   . . .      SeeInvis .   (no weapon)
rCold   . . .      Faith    .   (no shield)
rNeg    . . .      Spirit   .   a - +0 robe
rPois   .          Reflect  .   g - +0 helmet
rElec   .          Harm     .   (no cloak)
rCorr   .          Rampage  .   (no gloves)
Will    .....                   (no boots)
Stlth   +.........              (no amulet)
HPRegen 0.15/turn               (no ring)
MPRegen 0.13/turn               (no ring)

@: attractive, glowing
A: sense surroundings 1, otherworldly, glowing, explore regen
a: no special abilities


You were on level 5 of the Dungeon.
You visited 1 branch of the dungeon, and saw 5 of its levels.

You collected 124 gold pieces.

Inventory:

Armour
 a - a +0 robe (worn)
 g - a +0 helmet (worn)
Potions
 b - a potion of magic
 d - 3 potions of degeneration
 e - a potion of resistance {unknown}
 f - a potion of haste {unknown}
 h - 3 potions of heal wounds {unknown}


   Skills:
 - Level 3.0 Dodging
 - Level 1.4 Stealth
 - Level 4.1 Spellcasting
 + Level 4.7 Conjurations
 - Level 5.7 Ice Magic


You had 5 spell levels left.
You knew the following spells:

 Your Spells              Type           Power      Damage    Failure   Level
a - Freeze                Ice            80%        1d9       1%          1
b - Frozen Ramparts       Ice            40%        1d7       4%          3
c - Hailstorm             Conj/Ice       18%        3d6       21%         4

Your spell library contained the following spells:

 Spells                   Type           Power      Damage    Failure   Level
 Ozocubu's Armour         Ice            20%        N/A       4%          3
 Call Canine Familiar     Summ           3%         N/A       47%         3
 Portal Projectile        Hex/Tloc       6%         N/A       47%         3
 Leda's Liquefaction      Hex/Erth       1%         N/A       87%         4


Dungeon Overview and Level Annotations

Branches:
Dungeon (5/15) Zot: 2170
 Temple: D:4-7

Altars:
Elyvilon
Hepliaklqana
Sif Muna
Uskayaw
The Shining One


Innate Abilities, Weirdness & Mutations

You passively map a small area around you.
You are easily found by Zot.
You glow in the dark.
You regain HP and MP as you explore.


Message History

Confirm with . or Enter, or press ? or * to list all spells.
Aiming: Freeze (safe; 1% risk of failure)
Press: ? - help, Shift-Dir - straight line, f/p - necrophage
Aim: a necrophage (severely damaged)
You freeze the necrophage.
The necrophage resists.
The necrophage is almost destroyed.
The necrophage hits you!
The shadow imp hits you but does no damage.
Casting: Freeze (safe; 1% risk of failure)
Confirm with . or Enter, or press ? or * to list all spells.
Aiming: Freeze (safe; 1% risk of failure)
Press: ? - help, Shift-Dir - straight line, f/p - necrophage
Aim: a necrophage (almost destroyed)
You freeze the necrophage.
The necrophage resists.
You destroy the necrophage!
The shadow imp hits you.
Your life force feels restored.
Your Conjurations skill increases to level 4!
The shadow imp misses you.
The shadow imp attacks as you move away!
The shadow imp closely misses you. The shadow imp gestures at you.
You struggle to resist.
The shadow imp gestures at you. Pain shoots through your body!
* * * LOW HITPOINT WARNING * * *
The shadow imp gestures at you. Pain shoots through your body!
* * * LOW HITPOINT WARNING * * *
The shadow imp gestures at you. Pain shoots through your body!
* * * LOW HITPOINT WARNING * * *
It was a potion of attraction.
You feel attractive to monsters. The shadow imp is attracted toward you.
It was a potion of degeneration.
There was something very wrong with that liquid.
You feel weakened.
You feel dopey.
You feel clumsy. The shadow imp hits you.
You die...

#.....# ,
#.....# ,
*
#.....+,
* #.....#
#ยง....#,
, #.....#
, ,
#.....# *
#5....#,
, #@....#
#.....#,
,,*
#.....#,
, ,
#.....# ,
#.....# ,
, #.....#
..##### ,
, ..# * ,
,, ,* ,


You could see a shadow imp.

Vanquished Creatures
  2 necrophages
  A jelly (D:4)
  2 iguanas (D:4)
  5 adders
  A worm (D:4)
  A dart slug (D:4)
  2 orcs (D:3)
  8 ball pythons
  A giant cockroach (D:4)
  5 goblins
  3 hobgoblins
  2 kobolds (D:4)
  A quokka (D:2)
34 creatures vanquished.

Notes
Turn   | Place    | Note
-------+----------+-------------------------------------------
     0 | D:1      | hawla the Meteoran Ice Elementalist began the quest for the
                  | Orb.
     0 | D:1      | Reached XP level 1. HP: 14/14 MP: 5/5
     6 | D:2      | Found a shimmering blue altar of Sif Muna.
    34 | D:2      | Reached XP level 2. HP: 16/20 MP: 3/6
   104 | D:2      | Reached skill level 5 in Ice Magic
   104 | D:2      | Reached XP level 3. HP: 26/26 MP: 4/8
   108 | D:2      | Learned a level 3 spell: Frozen Ramparts
   118 | D:3      | Found a hide-covered altar of Uskayaw.
   163 | D:3      | Reached XP level 4. HP: 33/33 MP: 5/9
   314 | D:4      | Reached XP level 5. HP: 15/38 MP: 2/12
   319 | D:4      | Learned a level 4 spell: Hailstorm
   330 | D:4      | Reached skill level 1 in Conjurations
   436 | D:4      | Found a glowing golden altar of the Shining One.
   465 | D:4      | Reached XP level 6. HP: 38/45 MP: 9/13
   676 | D:4      | Found a white marble altar of Elyvilon.
   731 | D:4      | Found a hazy altar of Hepliaklqana.
   794 | D:5      | Entered Level 5 of the Dungeon
   826 | D:5      | HP: 1/45 [shadow imp/nerve-wracking pain (13)]
   828 | D:5      | Slain by a shadow imp

Illustrated notes

Levels and vault maps discovered:
D:1:      amcnicky_arrival_choice, layout_rooms,
          shapermc_ecumenical_altar_pompeii, serial_shops, shop, st_stairs_7,
          grunt_decor_resistance, minmay_tetromino_o2
D:2:      wander_river, layout_loops_ring, basic_altar
D:3:      layout_rooms, mainiacjoe_overflow_chevrons
D:4:      layout_cave_pools, tso_altar, elyvilon_altar_4,
          lemuel_coloured_pillars_altar, skrybe_limestone_x
D:5:      layout_gridville, nicolae_qazlal_style_of_elements,
          minmay_temple_entry_offerings

Skill      XL: |  1  2  3  4  5  6 |
---------------+-------------------+-----
Spellcasting   | 3 4 |  4.1
Ice Magic      | 5 |  5.7
Dodging        | 3 |  3.0
Conjurations   | 2 4 |  4.7
Stealth        | |  1.4

Action                   |  1- 3 |  4- 6 || total
-------------------------+-------+-------++-------
Melee: Unarmed           |     4 |     5 ||     9
 Cast: Freeze            |    17 |    38 ||    55
       Frozen Ramparts   |     2 |     8 ||    10
  Use: Scroll            |       |     1 ||     1
       Potion            |       |     2 ||     2
Armor: Robe              |     4 |     7 ||    11
Dodge: Dodged            |     9 |    20 ||    29
